 Dungeon Crawl Stone Soup version 0.19.0 (webtiles) character file.

345 PurpleRed the Chopper (level 6, -1/51 HPs)
             Began as a Formicid Fighter on Nov 11, 2016.
             Slain by Magifyre's ghost (4 damage)
             ... on level 4 of the Dungeon.
             The game lasted 00:04:27 (3163 turns).

PurpleRed the Chopper (Formicid Fighter)            Turns: 3163, Time: 00:04:27

Health: -1/51      AC:  9    Str: 28    XL:     6   Next: 89%
Magic:  15/15      EV:  6    Int:  7    God:
Gold:   269        SH: 11    Dex: 10    Spells: 0 memorised, 5 levels left

rFire  . . .     SeeInvis +     a - +1 war axe
rCold  . . .     Gourm    .     e - +0 chain mail
rNeg   . . .     Faith    .     c - +1 shield
rPois  .         Spirit   .     (helmet unavailable)
rElec  .         Reflect  .     (no cloak)
rCorr  .         Harm     .     (no gloves)
MR     .....                    (no boots)
Stlth  ..........               (no amulet)
                                u - ring of magical power
                                (no ring)

@: mighty
A: permanent stasis, dig shafts and tunnels, four strong arms, antennae 3
a: Dig, Shaft Self


You were on level 4 of the Dungeon.
You were not hungry.

You visited 1 branch of the dungeon, and saw 4 of its levels.

You collected 269 gold pieces.

Inventory:

Hand Weapons
 a - a +1 war axe (weapon)
Armour
 b - a +0 scale mail
 c - a +1 shield (worn)
 e - a +0 chain mail (worn)
Jewellery
 p - an uncursed ring of ice
 u - a ring of magical power (right hand)
Wands
 q - a wand of lightning (4/15)
 y - a wand of lightning (14/15)
Scrolls
 l - a scroll of enchant armour
 m - 2 scrolls of amnesia
Potions
 g - a potion of flight
 h - a potion of invisibility {unknown}
 j - a potion of haste {unknown}
 n - a potion of heal wounds {unknown}
 r - a potion of agility {unknown}
 s - 2 potions of lignification {unknown}
Comestibles
 f - 4 bread rations
 i - a meat ration
 k - a slice of pizza
 o - a chunk of flesh
 t - 3 fruits
 x - a royal jelly


   Skills:
 + Level 5.2 Fighting
 * Level 5.6 Axes
 - Level 3.2 Armour
 - Level 3.6 Shields


You had 5 spell levels left.
You didn't know any spells.

Dungeon Overview and Level Annotations

Branches:
Dungeon (4/15)
 Temple: D:4-7

Altars:

Annotations:
D:4 Magifyre's ghost, amateur FeCK


Innate Abilities, Weirdness & Mutations

You are under a permanent stasis effect.
You can dig through walls and to a lower floor.
Your four strong arms can wield two-handed weapons with a shield.
You have a pair of large antennae on your head. (SInv)


Message History

You barely miss Magifyre's ghost.
Magifyre's ghost is heavily damaged.
You block Magifyre's ghost's attack. x2
You miss Magifyre's ghost.
Magifyre's ghost is heavily damaged.
Magifyre's ghost hits you but does no damage.
You slash Magifyre's ghost!
Magifyre's ghost is severely damaged.
Magifyre's ghost hits you!
* * * LOW HITPOINT WARNING * * *
You closely miss Magifyre's ghost.
Magifyre's ghost is severely damaged.
You block Magifyre's ghost's attack.
A worker ant comes into view.
You barely miss Magifyre's ghost.
Magifyre's ghost is severely damaged.
The worker ant twitches its antennae in your direction.
Magifyre's ghost tries to sneak away.
You block Magifyre's ghost's attack. Magifyre's ghost hits you.
You die...

#.#.###########.# #.#.#
#.# #.#.# #.# #.#
#.#.###########.# #.#
#.............#.# #.#
#.............#.# #.#
#.............#.# #.#
#.............'.# #.#
#.....@.......### #.#
#?....W.......### #.##
#...............####...
#....................(.
.........................
###.....a.......#.#####..
#...#.#########+#####..
###.#.. .......... #.#.[{
....{.....


You could see a worker ant and Magifyre's ghost.

Vanquished Creatures
  A sky beast (D:3)
  Jessica (D:3)
  Ijyb (D:3)
  9 adders
  4 worms
  4 dart slugs
  4 leopard geckos
  13 orcs
  3 giant cockroaches
  5 goblins
  8 hobgoblins
  2 jackals (D:3)
  4 ball pythons (D:2)
  9 bats
  6 frilled lizards
  5 kobolds
  7 rats
86 creatures vanquished.

Notes
Turn   | Place    | Note
-------+----------+-------------------------------------------
     0 | D:1      | PurpleRed the Formicid Fighter began the quest for the Orb.
     0 | D:1      | Reached XP level 1. HP: 18/18 MP: 1/1
   219 | D:1      | Reached XP level 2. HP: 17/24 MP: 2/2
   871 | D:2      | Reached XP level 3. HP: 29/30 MP: 3/3
  1337 | D:2      | Reached XP level 4. HP: 37/37 MP: 4/4
  1572 | D:3      | Noticed Jessica
  1580 | D:3      | Killed Jessica
  1580 | D:3      | Reached XP level 5. HP: 31/43 MP: 5/5
  1679 | D:3      | Noticed a sky beast
  1708 | D:3      | Killed a sky beast
  1708 | D:3      | Reached XP level 6. HP: 12/50 MP: 6/6
  2031 | D:3      | Reached skill level 5 in Fighting
  2031 | D:3      | Reached skill level 5 in Axes
  2360 | D:3      | Noticed Ijyb
  2373 | D:3      | Killed Ijyb
  2832 | D:4      | Noticed an ogre
  3147 | D:4      | Noticed Magifyre's ghost (amateur FeCK)
  3161 | D:4      | HP: 2/51 [Magifyre's ghost (10)]
  3163 | D:4      | Slain by Magifyre's ghost

Skill      XL: |  1  2  3  4  5  6 |
---------------+-------------------+-----
Fighting       | 4 5 |  5.2
Axes           | 3 4 5 |  5.6
Armour         | |  3.2
Shields        | |  3.6

Action                   |  1- 3 |  4- 6 || total
-------------------------+-------+-------++-------
Melee: War axe           |   129 |   240 ||   369
  Use: Scroll            |       |     9 ||     9
       Potion            |       |     1 ||     1
  Eat: Chunk             |     1 |     7 ||     8
Armor: Chain mail        |   122 |   107 ||   229
Dodge: Dodged            |    44 |    60 ||   104
Block: Shield            |   102 |   135 ||   237
